 Dungeon Crawl Stone Soup version 0.29.1-15-g9cfb28693d (webtiles) character file.

Game seed: 13319510449948307333

5 Gustavia the Cudgeller (level 1, 0/22 HPs)
             Began as an Ogre Gladiator on Mar 24, 2023.
             Slain by a jackal (2 damage)
             ... on level 1 of the Dungeon.
             The game lasted 00:00:52 (252 turns).

Gustavia the Cudgeller (Ogre Gladiator)              Turns: 252, Time: 00:00:54

Health: 0/22       AC:  4    Str: 17    XL:     1   Next: 80%
Magic:  1/1        EV: 10    Int:  9    God:
Gold:   0          SH:  0    Dex: 10    Spells: 0/0 levels left

rFire   . . .      SeeInvis .   a - +0 flail
rCold   . . .      Faith    .   (no shield)
rNeg    . . .      Spirit   .   b - +0 robe
rPois   .          Reflect  .   c - +1 hat
rElec   .          Harm     .   (no cloak)
rCorr   .          Rampage  .   (gloves unavailable)
Will    .....                   (boots unavailable)
Stlth   +.........              (no amulet)
HPRegen 0.07/turn               (no ring)
MPRegen 0.07/turn               (no ring)

@: no status effects
A: large, unfitting armour, tough skin 1
a: no special abilities


You were on level 1 of the Dungeon.
You visited 1 branch of the dungeon, and saw 1 of its levels.

Inventory:

Hand Weapons
 a - a +0 flail (weapon)
Missiles
 d - 3 throwing nets (quivered)
 e - a large rock
Armour
 b - a +0 robe (worn)
 c - a +1 hat (worn)


   Skills:
 + Level 2.7 Fighting
 + Level 2.8 Maces & Flails
 + Level 2.0 Throwing
 + Level 2.8 Dodging


You couldn't memorise any spells.
You didn't know any spells.
Your spell library was empty.

Dungeon Overview and Level Annotations

Branches:
Dungeon (1/15)

Altars:


Innate Abilities, Weirdness & Mutations

You are too large for most types of armour.
You have tough skin. (AC +1)


Message History

A jackal comes into view.
The goblin moves out of view.
You hear a bark! x2
A jackal comes into view.
The jackal barks!
A jackal comes into view.
The jackal moves out of view.
The jackal bites you.
You hit the jackal but do no damage.
The jackal bites you but does no damage.
You closely miss the jackal. The jackal bites you.
You closely miss the jackal. The goblin hits you but does no damage.
The jackal barely misses you. The goblin barely misses you.
You completely miss the goblin. The jackal bites you.
The jackal barely misses you. x2; The goblin closely misses you.
The jackal barely misses you. The goblin barely misses you.
The jackal bites you. x2
You barely miss the jackal. The jackal bites you.
The jackal bites you but does no damage. x2
The goblin hits you with a +0 dagger.
You closely miss the jackal. The jackal barely misses you.
The jackal bites you. x2
A jackal comes into view.
The goblin hits you but does no damage. The jackal bites you.
* * * LOW HITPOINT WARNING * * *
The jackal completely misses you. The jackal bites you.
* * * LOW HITPOINT WARNING * * *
The goblin attacks as you move away! The goblin hits you with a +0 dagger.
* * * LOW HITPOINT WARNING * * *
The jackal attacks as you move away! The jackal closely misses you.
The jackal barely misses you.
The jackal bites you but does no damage. x2
The jackal barks!
You hit the jackal.
The jackal is severely wounded.
The jackal bites you.
* * * LOW HITPOINT WARNING * * *
The jackal bites you but does no damage.
The jackal bites you.
You die...

#...........#
###...........#
+....>.........
###...†.####### #.....#
#.#####
#########'############
.................h...##
.........<......@hg..$#
..#####.....#####h....#
.##...##...##...##(...#
##..8..##'##..8..##h..#
#.................##..#
................... #.#
################### ...
.# ### .#


You could see 4 jackals and a goblin.

Vanquished Creatures
  2 bats (D:1)
  A goblin (D:1)
  A hobgoblin (D:1)
4 creatures vanquished.

Notes
Turn   | Place    | Note
-------+----------+-------------------------------------------
     0 | D:1      | Gustavia the Ogre Gladiator began the quest for the Orb.
     0 | D:1      | Reached XP level 1. HP: 22/22 MP: 1/1
   146 | D:1      | Found a faded altar of an unknown god.
   252 | D:1      | Slain by a jackal

Illustrated notes

Levels and vault maps discovered:
D:1:      giann_horns, layout_basic, nicolae_ecumenical_lake_church

Action                   || total
-------------------------++-------
Melee: Flail             ||    20
  Use: Scroll            ||     2
Armor: Robe              ||    13
Dodge: Dodged            ||    25
